 Dungeon Crawl Stone Soup version 0.27.1-34-g3ba077fa99 (webtiles) character file.

Game seed: 5255810773033268038

21 safid the Skirmisher (level 2, 0/27 HPs)
             Began as a Hill Orc Fighter on Jan 27, 2022.
             Slain by a crimson imp (3 damage)
             ... summoned by Natasha
             ... on level 2 of the Dungeon.
             The game lasted 00:04:10 (1010 turns).

safid the Skirmisher (Hill Orc Fighter)             Turns: 1010, Time: 00:04:11

Health: 0/27       AC:  8    Str: 18    XL:     2   Next: 83%
Magic:  2/2        EV:  7    Int:  8    God:
Gold:   11         SH:  9    Dex: 10    Spells: 1/1 levels left

rFire    . . .     SeeInvis .   a - +0 war axe
rCold    . . .     Faith    .   c - +0 kite shield
rNeg     + . .     Spirit   .   b - +0 scale mail
rPois    .         Reflect  .   (no helmet)
rElec    .         Harm     .   (no cloak)
rCorr    .         Rampage  .   j - +0 pair of gloves
Will     .....                  (no boots)
Stlth    ..........             (no amulet)
HPRegen  0.09/turn              f - ring of positive energy
MPRegen  0.08/turn              (no ring)

@: slowed, very slow
A: no striking features
a: no special abilities


You were on level 2 of the Dungeon.
You visited 1 branch of the dungeon, and saw 2 of its levels.

You collected 11 gold pieces.

Inventory:

Hand Weapons
 a - a +0 war axe (weapon)
Armour
 b - a +0 scale mail (worn)
 c - a +0 kite shield (worn)
 j - a +0 pair of gloves (worn)
Jewellery
 f - a ring of positive energy (left hand)
Scrolls
 e - a scroll of torment {unknown}
 h - a scroll of teleportation {unknown}
 k - a scroll of immolation {unknown}
 l - a scroll of magic mapping {unknown}
Potions
 d - a potion of might
 g - a potion of attraction {unknown}
 i - a potion of degeneration {unknown}


   Skills:
 + Level 3.9 Fighting
 + Level 3.2 Axes
 + Level 3.5 Armour
 + Level 3.5 Shields


You had one spell level left.
You didn't know any spells.
Your spell library contained the following spells:

 Spells                   Type           Power      Damage    Failure   Level
 Summon Small Mammal      Summ           0%         N/A       99%         1
 Call Canine Familiar     Summ           0%         N/A       100%        3
 Summon Guardian Golem    Hex/Summ       0%         N/A       100%        3


Dungeon Overview and Level Annotations

Branches:
Dungeon (2/15)

Altars:

Shops:
D:2 :

Annotations:
D:2 Natasha


Message History

You hit Natasha but do no damage.
Natasha is moderately wounded.
You miss the crimson imp.
The crimson imp hits you but does no damage.
Natasha claws you.
The crimson imp hits you but does no damage.
You block Natasha's attack.
The crimson imp blinks!
You closely miss Natasha.
Natasha is moderately wounded.
Natasha claws you. Natasha claws you!
Unknown command.
You barely miss Natasha.
Natasha is moderately wounded.
Natasha claws you but does no damage.
The crimson imp blinks!
You block Natasha's attack. Natasha claws you but does no damage.
Unknown command.
You barely miss Natasha.
Natasha is moderately wounded.
Natasha stares at you and mumbles some strange words.
The magic dart hits you.
* * * LOW HITPOINT WARNING * * *
Natasha barely misses you.
Unknown command.
You barely miss Natasha.
Natasha is moderately wounded.
You block Natasha's attack.
The crimson imp blinks!
Natasha claws you.
* * * LOW HITPOINT WARNING * * *
Unknown command.
You slash Natasha!
Natasha is almost dead.
Natasha claws you.
* * * LOW HITPOINT WARNING * * *
You block Natasha's attack.
Unknown command.
You miss Natasha.
Natasha is almost dead.
You closely miss the crimson imp. Natasha claws you.
* * * LOW HITPOINT WARNING * * *
The crimson imp hits you.
You die...

############ ##
#........... ...
######.##########
....###......########
......(..............
. #................
... #.#.#############
.....#5#.#......
......h@......[.
######.#........
#####.##### ..! ####


You could see Natasha and a crimson imp (summoned).

Vanquished Creatures
  2 ball pythons (D:1)
  2 endoplasms
  2 hobgoblins (D:1)
  4 jackals (D:1)
  A quokka (D:1)
  2 bats
  A frilled lizard (D:1)
  A goblin (D:1)
  2 kobolds (D:1)
  A rat (D:1)
18 creatures vanquished.

Notes
Turn   | Place    | Note
-------+----------+-------------------------------------------
     0 | D:1      | safid the Hill Orc Fighter began the quest for the Orb.
     0 | D:1      | Reached XP level 1. HP: 19/19 MP: 1/1
   376 | D:1      | Reached XP level 2. HP: 20/27 MP: 2/2
   927 | D:2      | Found Kufak's Book Shop.
   998 | D:2      | Noticed Natasha
  1003 | D:2      | Noticed a crimson imp
  1010 | D:2      | Slain by a crimson imp

Illustrated notes

Levels and vault maps discovered:
D:1:      scummos_arrival_simple_crosswalls, layout_loops_cross,
          kennysheep_flooded_box
D:2:      minmay_alternating_diamond, layout_basic, serial_shops,
          nicolae_shop_crystal, uniq_robin, uniq_natasha

Skill      XL: |  1 |
---------------+----+-----
Axes           | 3 |  3.2
Fighting       | |  3.9
Armour         | |  3.5
Shields        | |  3.5

Action                   || total
-------------------------++-------
Melee: War axe           ||    64
Armor: Scale mail        ||    32
Dodge: Dodged            ||    17
Block: Kite shield       ||    42
